Map: 绿色温室 - 天梯版 (虚空)

Players

Scarlett - Winner!

  • Race: Zerg Zerg
  • Spawn Location: 7:00

iAsonu

  • Race: Zerg Zerg
  • Spawn Location: 1:00

Event: WESG 2016 Finals

VOD

Have the link to the VOD?

Description

Time

  • Played on: Jan. 12, 2017, 11:46 p.m.
  • Length: 10:17

All games in this series

Show
View Real Time Build Order
Export as new Build Order

Scarlett Zerg - Winner!

Build Orders: Pool First, Muta Ling Bane 

Get SALT Encoding   

  12  0:00  Drone  
  13  0:12  Overlord  
  13  0:17  Drone  
  14  0:31  Drone x2  
  14  0:35  Drone  
  17  0:44  Extractor  
  17  0:45  Drone  
  17  0:49  Spawning Pool  
  16  0:56  Drone  
  17  1:06  Drone  
  18  1:17  Hatchery  
  17  1:19  Drone  
  18  1:28  Drone  
  19  1:35  Queen  
  19  1:39  Zergling x2  
  22  1:46  Metabolic Boost  
  22  1:51  Overlord  
  22  2:10  Evolution Chamber  
  22  2:11  Drone x2, Queen  
  25  2:22  Drone  
  26  2:31  Queen, Zergling x2  
  26  2:32  Zergling x2  
  30  2:44  Zergling x2  
  30  2:45  Zergling x4  
  30  2:46  Zerg Melee Weapons Level 1  
  30  2:51  Overlord  
  33  2:52  Drone  
  33  2:56  Drone  
  35  3:09  Drone, Overlord  
  36  3:13  Drone x2  
  36  3:16  Drone x2  
  36  3:19  Drone  
  41  3:30  Drone x4  
  44  3:36  Spine Crawler  
  44  3:38  Baneling Nest, Zergling x2  
  43  3:43  Zergling x4  
  43  3:46  Zergling x2  
  46  3:50  Overlord  
  46  3:59  Zergling x4  
  46  4:00  Zergling x2  
  49  4:05  Overlord  
  49  4:08  Extractor  
  48  4:18  Zergling x14  
  47  4:33  Drone x4  
  45  4:40  Zerg Ground Armor Level 1  
  45  4:41  Drone  
  44  4:50  Drone x4  
  48  4:57  Drone  
  48  4:58  Drone  
  48  4:59  Lair  
  48  5:03  Drone  
  48  5:06  Drone  
  49  5:18  Baneling x2  
  49  5:20  Zergling x4  
  51  5:23  Extractor x2  
  51  5:26  Drone x2  
  49  5:42  Zergling x10  
  50  5:44  Zergling x4  
  50  5:47  Baneling x4  
  52  5:52  Zergling x2  
  53  5:58  Spire  
  53  5:59  Zergling x8  
  53  6:02  Hatchery  
  55  6:05  Zergling x4  
  57  6:18  Drone x4  
  58  6:20  Drone  
  62  6:30  Drone x4  
  66  6:33  Baneling x2  
  66  6:38  Drone  
  65  6:48  Spine Crawler  
  63  6:56  Drone x3  
  66  7:10  Mutalisk  
  66  7:12  Overlord x3  
  66  7:14  Mutalisk  
  66  7:15  Mutalisk x2  
  68  7:24  Zerg Melee Weapons Level 2  
  68  7:25  Mutalisk x3  
  68  7:28  Overlord  
  73  7:33  Overlord  
  73  7:41  Centrifical Hooks  
  73  7:42  Zerg Flyer Weapons Level 1  
  69  7:45  Drone  
  69  7:46  Drone x4  
  74  7:54  Mutalisk  
  76  7:59  Mutalisk  
  76  8:00  Zergling x10  
  83  8:10  Mutalisk  
  83  8:12  Zergling x10  
  90  8:17  Mutalisk  
  90  8:19  Zergling x4  
  92  8:38  Zergling x12  
  92  8:39  Zergling x4  
  95  8:47  Mutalisk x3  
  98  8:49  Zergling x12  
  98  8:55  Drone x3  
  101  9:13  Mutalisk x3  
  101  9:15  Zergling x8  
  111  9:23  Hatchery  
  110  9:25  Drone  
  110  9:26  Drone x2  
  110  9:27  Overlord  
  110  9:28  Overlord  
  110  9:29  Baneling x4  
  113  9:33  Overseer  
  112  9:58  Zergling x20  
Show
View Real Time Build Order
Export as new Build Order

iAsonu Zerg 

Build Orders: Hatch First, Zergling Baneling 

Get SALT Encoding   

  12  0:00  Drone  
  13  0:12  Overlord  
  13  0:18  Drone  
  14  0:31  Drone x2  
  14  0:35  Drone  
  17  0:52  Hatchery  
  17  0:54  Drone  
  17  0:56  Drone  
  18  1:08  Extractor  
  18  1:11  Spawning Pool  
  16  1:14  Drone  
  16  1:17  Drone  
  18  1:29  Drone  
  19  1:39  Overlord  
  19  1:49  Drone  
  20  1:58  Queen  
  20  2:00  Zergling x2  
  23  2:03  Queen  
  23  2:04  Drone  
  26  2:09  Metabolic Boost  
  26  2:13  Drone  
  27  2:16  Drone  
  28  2:25  Drone  
  28  2:26  Drone  
  30  2:39  Overlord  
  30  2:43  Drone, Queen  
  33  2:45  Baneling Nest, Drone  
  34  2:51  Zergling x2  
  34  2:53  Drone  
  34  2:54  Spine Crawler  
  34  2:58  Drone  
  35  3:05  Zergling x2  
  36  3:07  Zergling x6  
  36  3:11  Zergling x2  
  39  3:15  Zergling x2  
  39  3:19  Zergling x2  
  41  3:20  Zergling x2  
  38  3:36  Zergling x2  
  38  3:37  Zergling x2  
  38  3:38  Zergling x4  
  42  3:44  Baneling x2  
  42  3:53  Baneling x4  
  42  3:57  Overlord  
  42  3:58  Hatchery  
  41  4:04  Zergling x4  
  41  4:07  Overlord  
  43  4:13  Overlord  
  43  4:14  Overlord  
  43  4:15  Baneling  
  43  4:18  Drone  
  43  4:21  Drone  
  39  4:33  Drone, Zergling x8  
  39  4:37  Evolution Chamber  
  41  4:39  Drone  
  41  4:43  Zergling x4  
  42  4:47  Drone x2  
  42  4:50  Zergling x2  
  45  4:53  Baneling x2  
  45  4:58  Zergling x2  
  43  5:05  Zerg Missile Weapons Level 1  
  43  5:07  Drone  
  43  5:10  Zergling x2  
  43  5:14  Zergling x6  
  44  5:24  Roach Warren  
  44  5:25  Drone  
  43  5:33  Drone x7  
  50  5:40  Zergling x2  
  50  5:42  Drone x2  
  48  5:44  Drone  
  48  5:45  Lair  
  48  5:46  Baneling  
  48  5:47  Drone  
  50  5:51  Baneling  
  50  5:53  Drone  
  51  6:03  Drone  
  51  6:04  Drone x2  
  54  6:07  Baneling  
  54  6:08  Baneling  
  54  6:12  Roach x2  
  58  6:20  Roach  
  58  6:23  Drone  
  60  6:26  Drone x4  
  60  6:27  Drone x2  
  60  6:28  Drone  
  60  6:29  Drone x2  
  60  6:30  Drone  
  70  6:38  Extractor  
  70  6:39  Extractor  
  68  6:42  Roach  
  68  6:46  Roach x2  
  64  6:47  Drone x3  
  64  6:50  Extractor  
  64  6:52  Extractor  
  64  6:56  Overlord  
  64  6:57  Queen x2  
  64  6:58  Drone x2  
  70  7:02  Overlord  
  70  7:07  Drone  
  73  7:11  Overlord  
  73  7:12  Overlord  
  73  7:16  Overlord  
  71  7:31  Hatchery  
  71  7:32  Queen  
  71  7:33  Drone x3  
  71  7:34  Drone x2  
  70  7:37  Drone  
  70  7:38  Queen  
  70  7:42  Roach  
  70  7:43  Baneling x2  
  69  7:58  Spore Crawler  
  68  8:04  Spore Crawler  
  68  8:05  Spore Crawler  
  66  8:06  Roach  
  66  8:08  Queen  
  66  8:12  Drone  
  71  8:13  Queen  
  71  8:14  Spore Crawler  
  71  8:16  Roach  
  74  8:21  Roach  
  73  8:38  Roach  
  73  8:40  Roach  
  71  8:44  Queen  
  71  8:49  Roach, Queen  
  71  8:50  Queen  
  75  9:00  Spore Crawler  
  70  9:05  Roach  
  70  9:11  Spore Crawler  
  69  9:17  Drone  
  69  9:19  Drone, Queen  
  69  9:20  Drone  
  69  9:22  Drone  
  75  9:25  Drone x2  
  77  9:31  Spawning Pool  
  77  9:38  Roach x3  
Tags
 
Add a new tag
Caveats
  • Supply blocks, unpowered buildings, or Contaminate may cause inaccurate times.
  • Supply counts are checked every 10 seconds.